 Dungeon Sprint DCSS version 0.27-a0-1113-gb2b6fe9c5e (webtiles) character file.

Game seed: 13920556221019695051

137 Conn the Arsonist (level 5, -10/46 HPs)
             Began as an Octopode Fire Elementalist on May 1, 2021.
             Mangled by a neqoxec (12 damage)
             ... in the Dungeon (Sprint II: "The Violet Keep of Menkaure").
             The game lasted 00:01:54 (26 turns).

Conn the Arsonist (Octopode Fire Elementalist)        Turns: 26, Time: 00:01:55

Health: -10/46     AC:  1    Str:  8      XL:     5   Next: 20%
Magic:  3/11       EV: 13    Int: 14 (16) God:
Gold:   0          SH:  0    Dex: 12      Spells: 12/13 levels left

rFire    . . .     SeeInvis .   (no weapon)
rCold    . . .     Faith    .   (no shield)
rNeg     . . .     Spirit   .   (helmet restricted)
rPois    .         Reflect  .   (no amulet)
rElec    .         Harm     .   (no ring)
rCorr    .         Rampage  .   (no ring)
Will     .....     NoTele   +   (no ring)
Stlth    ..........             (no ring)
HPRegen  0.15/turn              (no ring)
MPRegen  0.12/turn              (no ring)
                                (no ring)
                                (no ring)

@: berserking (expiring), hasted, very quick
A: almost no armour, amphibious, 8 rings, camouflage 1, gelatinous body 1,
(nimble swimmer 1), tentacles, dopey 1
a: no special abilities


You were in the Dungeon.
You visited 1 branch

Inventory:

Scrolls
 g - a scroll of blinking
Potions
 b - a potion of curing
 c - a potion of heal wounds
 e - 2 potions of magic


   Skills:
 + Level 3.0 Dodging
 + Level 3.8 Stealth
 * Level 4.5 Spellcasting
 * Level 3.5 Conjurations
 * Level 8.1 Fire Magic


You had 12 spell levels left.
You knew the following spells:

 Your Spells              Type           Power      Damage    Failure   Level
a - Foxfire               Conj/Fire      76%        2x1d7     1%          1

Your spell library contained the following spells:

 Spells                   Type           Power      Damage    Failure   Level
 Conjure Flame            Conj/Fire      19%        6-21      4%          3
 Inner Flame              Hex/Fire       14%        N/A       11%         3
 Sticky Flame             Conj/Fire      19%        2d4       17%         4
 Fireball                 Conj/Fire      9%         3d6       43%         5


Dungeon Overview and Level Annotations

Branches:
Dungeon (1/1)

Altars:


Innate Abilities, Weirdness & Mutations

You cannot wear most types of armour.
You are amphibious.
You can wear up to eight rings at the same time.
Your skin changes colour to match your surroundings (Stealth+).
Your rubbery body absorbs attacks. (AC +1, EV +1)
((You are camouflaged near water. (Stealth+)))
You have tentacles for arms and can constrict up to eight enemies at once.
You are dopey. (Int -2)


Message History

Increase (S)trength, (I)ntelligence, or (D)exterity?
You feel clever.
You have reached level 4!
You have reached level 5!
You feel stronger.
You bludgeon the neqoxec! Your grab misses the neqoxec.
The neqoxec is moderately wounded.
You tentacle-slap the neqoxec but do no damage.
Your grab misses the neqoxec.
The neqoxec is moderately wounded.
The neqoxec closely misses you.
You barely miss the neqoxec. Your grab misses the neqoxec.
The neqoxec is moderately wounded.
The neqoxec barely misses you.
You barely miss the neqoxec. Your grab misses the neqoxec.
The neqoxec is moderately wounded.
A neqoxec comes into view.
The neqoxec shouts!
You tentacle-slap the neqoxec. Your grab misses the neqoxec.
The neqoxec is moderately wounded.
The neqoxec misses you.
You miss the neqoxec. You grab the neqoxec. Your squeeze misses the neqoxec.
The neqoxec is moderately wounded.
You constrict the neqoxec, but do no damage.
The neqoxec hits you!
* * * LOW HITPOINT WARNING * * *
You tentacle-slap the neqoxec but do no damage.
The neqoxec is moderately wounded.
You constrict the neqoxec, but do no damage.
The neqoxec gestures at you.
You feel dopey. Something feeds on your intellect!
You tentacle-slap the neqoxec. You squeeze the neqoxec!
The neqoxec is severely wounded.
You constrict the neqoxec, but do no damage.
You tentacle-slap the neqoxec.
The neqoxec is almost dead.
You constrict the neqoxec, but do no damage.
The neqoxec hits you!
You die...

## #3#
#+#
#3##.##
#@.<.+
###.##
#+#


You could see 2 neqoxecs.

Vanquished Creatures
  A neqoxec (D)
1 creature vanquished.

Vanquished Creatures (others)
  A water moccasin (D)
1 creature vanquished.

Grand Total: 2 creatures vanquished

Notes
Turn   | Place    | Note
-------+----------+-------------------------------------------
     0 | D        | Conn the Octopode Fire Elementalist began the quest for the
                  | Orb.
     0 | D        | Reached XP level 1. HP: 11/11 MP: 3/3
     1 | D        | Noticed a neqoxec
     7 | D        | Noticed a neqoxec
    10 | D        | Gained mutation: You are dopey. (Int -2) [a neqoxec]
    17 | D        | Killed a neqoxec
    17 | D        | Killed a water moccasin
    18 | D        | Reached skill level 8 in Fire Magic
    18 | D        | Reached XP level 2. HP: 5/17 MP: 3/7
    18 | D        | Reached XP level 3. HP: 6/21 MP: 3/9
    18 | D        | Reached XP level 4. HP: 9/27 MP: 3/10
    18 | D        | Reached XP level 5. HP: 10/31 MP: 3/11
    21 | D        | Noticed a neqoxec
    23 | D        | HP: 1/46 [neqoxec (9)]
    26 | D        | Mangled by a neqoxec

Illustrated notes

Levels and vault maps discovered:
D:        the_violet_keep_of_menkaure [sprint2_stairs_cluster_1,
          sprint2_shoproom, sprint2_temple, sprint2_basic_supplies,
          sprint2_obstacle_2, sprint2_obstacle_7, sprint2_obstacle_6,
          sprint2_obstacle_5, sprint2_obstacle_3, sprint2_timed_cluster_1,
          sprint2_smallroom_cluster_1, sprint2_smallroom_final_cluster_1,
          sprint2_transparent_cluster_1, sprint2_second_timed_cluster_1,
          sprint2_sniper_area_1, sprint2_heavy_combat_area_1,
          sprint2_mutation_trap_area_1, sprint2_forest_area_1,
          sprint2_light_combat_area_1, sprint2_behind_water_1,
          sprint2_near_end_vault_1]

Skill      XL: |  1 |
---------------+----+-----
Dodging        | 3 |  3.0
Stealth        | 3 |  3.8
Spellcasting   | 4 |  4.5
Conjurations   | 3 |  3.5
Fire Magic     | 8 |  8.1

Action                   |  1- 3 |  4- 6 || total
-------------------------+-------+-------++-------
Melee: Unarmed           |    11 |     9 ||    20
       Constrict         |     1 |     1 ||     2
       Tentacles         |       |     1 ||     1
  Use: Potion            |     2 |       ||     2
Dodge: Dodged            |     1 |     3 ||     4

Table legend: (Time is in decaauts)
 A = Elapsed time spent in this place.
 B = Non-inter-level travel time spent in this place.
 C = Inter-level travel time spent in this place.
 D = Time resting spent in this place.
 E = Time spent auto-exploring this place.
 F = Levels seen in this place.
 G = Mean time per level.
                   A        B        C        D        E       F      G
               +--------+--------+--------+--------+--------+-----+--------+
         Total |     18 |     18 |      0 |      0 |      0 |   1 |   18.0 |
       Dungeon |     18 |     18 |      0 |      0 |      0 |   1 |   18.0 |
               +--------+--------+--------+--------+--------+-----+--------+

Top non-repeatable levels by time:
       D: 18 daAuts
